cohdb
Replays
Latest Replays
All Replays
Popular Replays
Top Player Replays
Match Explorer
How It Works
Community
CoH3 Stats
Reddit
Sign in to upload your games and track your stats! →
Sign in with Steam
Match 42867831
Unlisted
Match 42867831
Overview
Messages
Build Orders
End
Construct Infanterie Kompanie
Selects Luftwaffe Battlegroup
Selects Luftwaffe Pioneer Support
Fallschirmpioneer Squad Paradrop
MG 42 Machine Gun Team
MG 42 Machine Gun Team
Fallschirmpioneer Squad Paradrop
Selects Stuka Strafing Run
Stuka Strafing Run
MG 42 Bunker
Stuka Strafing Run
Construct Luftwaffe Kompanie
Fallschirmpioneer Squad Paradrop
Support Elements
Stuka Strafing Run
Wirbelwind Flakpanzer
Luftwaffe Officer Quarters
Stuka Strafing Run
Joraad
S1L
pfo67
Jimmy
YummyPine033
Jodojens
Benoez
BxSky
0
0
Comments
sign in to comment!
No comments posted yet!